 Dungeon Crawl Stone Soup version 0.17-a0-2231-gd80ca38 (webtiles) character file.

9 yevrey the Charmwright (level 2, 0/19 HPs)
             Began as a High Elf Skald on Nov 1, 2015.
             Succumbed to an adder's poison
             ... on level 2 of the Dungeon.
             The game lasted 00:01:29 (437 turns).

yevrey the Charmwright (High Elf Skald)              Turns: 437, Time: 00:01:29

Health: 0/19       AC:  3    Str: 11    XL:     2   Next: 3%
Magic:  6/6        EV: 11    Int: 15    God:
Gold:   66         SH:  0    Dex: 14    Spells: 3 memorised, 1 level left

rFire  . . .     SeeInvis .     a - +0 falchion
rCold  . . .     Clarity  .     b - +0 leather armour
rNeg   . . .     SustAt   .     (no shield)
rPois  .         Gourm    .     (no helmet)
rElec  .         Spirit   .     (no cloak)
rCorr  .         Warding  .     (no gloves)
rMut   .         Stasis   .     (no boots)
MR     .....                    (no amulet)
Stlth  +.........               (no ring)
                                (no ring)

@: lethally poisoned (0 -> -9), not resistant to hostile enchantments, very
unstealthy
A: no striking features
a: no special abilities


You were on level 2 of the Dungeon.
You were not hungry.

You visited 1 branch of the dungeon, and saw 2 of its levels.

You collected 66 gold pieces.

Inventory:

Hand Weapons
 a - a +0 falchion (weapon)
 n - a +1 hand axe of electrocution
Armour
 b - a +0 leather armour (worn)
Scrolls
 f - a scroll of fear {unknown}
 g - a scroll of teleportation {unknown}
 h - a scroll of remove curse {unknown}
 i - a scroll of identify {unknown}
 j - a scroll of fog {unknown}
 k - a scroll of amnesia {unknown}
 m - 3 scrolls of random uselessness {unknown}
Potions
 l - a potion of brilliance {unknown}
Books
 c - a book of Battle

   Spells                             Type                      Level
   a - Infusion                       Charms                       1
   b - Shroud of Golubria             Charms/Translocation         2
   c - Song of Slaying                Charms                       2
   d - Spectral Weapon                Hexes/Charms                 3
   e - Regeneration                   Charms/Necromancy            3
Comestibles
 d - a bread ration


   Skills:
 + Level 2.0 Fighting
 + Level 2.4 Long Blades
 - Level 1.0 Armour
 + Level 1.2 Dodging
 + Level 2.6 Spellcasting
 + Level 4.0 Charms


You had one spell level left.
You knew the following spells:

 Your Spells              Type           Power        Failure   Level  Hunger
a - Infusion              Chrm           ##....       6%          1    #......
b - Shroud of Golubria    Chrm/Tloc      #.........   21%         2    ###....
c - Song of Slaying       Chrm           ##......     10%         2    ###....


Dungeon Overview and Level Annotations

Branches:
Dungeon (2/15)

Altars:


Message History

You barely miss the adder.
You feel sick. The adder closely misses you. The kobold hits you.
You miss the adder.
You feel sick. The adder barely misses you.
The kobold hits you but does no damage. The adder bites you.
You hit the adder but do no damage. The kobold misses you.
The adder completely misses you.
You closely miss the adder. The adder bites you.
You are lethally poisoned!
The adder poisons you! The kobold misses you. The adder barely misses you.
The kobold hits you but does no damage.
You miss the adder.
You feel sick. The adder misses you. The kobold hits you.
* * * LOW HITPOINT WARNING * * *
You barely miss the adder.
* * * LOW HITPOINT WARNING * * *
You feel sick. The adder bites you.
* * * LOW HITPOINT WARNING * * *
The adder barely misses you. The kobold misses you.
Drink which item? (? for menu, Esc to quit)
It was a potion of magic.
Magic courses through your body.
You die...

#########
#.......#
#....)..#
#.......#
#.......#
#.......##
#....K...##.#
#....S@.....#
#......(##....
#.......# .
####.....
#.##### .. #.#
..


You could see an adder and a kobold.

Vanquished Creatures
  A giant gecko (D:1)
  A bat (D:1)
  A hobgoblin (D:1)
  3 goblins (D:1)
  A rat (D:1)
7 creatures vanquished.

Notes
Turn   | Place    | Note
--------------------------------------------------------------
     0 | D:1      | yevrey the High Elf Skald began the quest for the Orb.
     0 | D:1      | Reached XP level 1. HP: 14/14 MP: 4/4
    34 | D:1      | Reached skill level 1 in Armour
   265 | D:1      | Reached skill level 4 in Charms
   265 | D:1      | Reached XP level 2. HP: 19/19 MP: 4/6
   269 | D:1      | Learned a level 2 spell: Shroud of Golubria
   272 | D:1      | Learned a level 2 spell: Song of Slaying
   437 | D:2      | Succumbed to an adder's poison

Vault maps used:
D:1:      shiori_arrival_oz
D:2:      kennysheep_generic_room_12, uniq_natasha, uniq_sigmund, uniq_iyjb

Action                   || total
-------------------------++-------
Melee: Falchion          ||    25
 Cast: Infusion          ||     3
  Use: Potion            ||     1
